 Dungeon Crawl Stone Soup version 0.28-a0-224-g76b539d98b (webtiles) character file.

Game seed: 7595784599950021976

186 Manisian the Charlatan (level 5, -6/55 HPs)
             Began as a Demonspawn Artificer on Aug 21, 2021.
             Was a Plaything of Xom.
             Killed by divine providence
             ... invoked by an orc priest
              (10 damage)
             ... on level 3 of the Dungeon.
             The game lasted 00:06:40 (3325 turns).

Manisian the Charlatan (Demonspawn Artificer)       Turns: 3325, Time: 00:06:40

Health: -6/55      AC: 22    Str: 13    XL:     5   Next: 38%
Magic:  5/5        EV:  2    Int: 13    God:    Xom [...*..]
Gold:   71         SH:  0    Dex: 13    Spells: 4/4 levels left

rFire   . . .      SeeInvis .   f - +1 hand axe
rCold   . . .      Faith    .   (no shield)
rNeg    + + +      Spirit   .   (armour currently unavailable)
rPois   +          Reflect  .   (helmet currently unavailable)
rElec   .          Harm     .   (cloak currently unavailable)
rCorr   .          Rampage  .   (gloves currently unavailable)
Will    .....      NoTele   +   (boots currently unavailable)
Stlth   ++........              (no amulet)
HPRegen 0.18/turn               (no ring)
MPRegen 0.09/turn               (no ring)

@: tree-form, hasted, very quick
A: stationary, stasis, torment immunity, boosted hp, (talons 2), (slimy green
scales 1), demonic magic 1, (antennae 1), wild magic 1
a: Renounce Religion


You were on level 3 of the Dungeon.
You worshipped Xom.
You were a favourite toy of Xom.
You were a tree.
You visited 1 branch of the dungeon, and saw 3 of its levels.

You collected 71 gold pieces.

Inventory:

Hand Weapons
 a - a +0 club
 f - a +1 hand axe (weapon)
 h - a +1 short sword
 p - a +1 dagger of venom
Missiles
 g - 34 arrows
 k - a curare-tipped dart (quivered)
Armour
 b - a +0 leather armour
 j - a +0 ring mail (melded)
Wands
 d - a wand of charming (15)
Scrolls
 i - a scroll of identify {unknown}
 l - 2 scrolls of amnesia
Potions
 o - a potion of mutation
Miscellaneous
 e - a piece from Xom's chessboard (15/15)


   Skills:
 + Level 1.6 Fighting
 + Level 0.8 Short Blades
 + Level 1.9 Axes
 + Level 0.1 Throwing
 + Level 3.1 Armour
 + Level 1.4 Dodging
 + Level 1.1 Stealth
 + Level 4.0 Evocations


You had 4 spell levels left.
You didn't know any spells.
Your spell library contained the following spells:

 Spells                   Type           Power      Damage    Failure   Level
 Foxfire                  Conj/Fire      0%         2x1d4     38%         1
 Conjure Flame            Conj/Fire      0%         6-21      75%         3
 Inner Flame              Hex/Fire       0%         N/A       75%         3


Dungeon Overview and Level Annotations

Branches:
Dungeon (3/15)

Altars:
Xom


Innate Abilities, Weirdness & Mutations

You are a tree.
Your roots penetrate the ground, keeping you stationary.
You cannot be teleported.
You are immune to unholy pain and torment.
Your maximum health is greatly increased.
Your equipment is partially melded.
((You have razor-sharp toenails.))
((You are partially covered in slimy green scales. (AC +2)))
Spells you cast may paralyse adjacent enemies.
((You have a pair of small antennae on your head.))
Your spells are a little harder to cast, but a little more powerful.


Message History

The orc priest invokes the aid of Beogh against you.
Pain shoots through your body!
The orc priest mumbles some strange prayers to Beogh against you.
Pain shoots through your body!
It was a potion of mutation.
You feel extremely strange.
You feel less in control of your magic. A pair of antennae grows on your head!
You closely miss the orc priest. You claw the orc priest.
The orc priest is moderately wounded.
The orc hits you from afar with a +0 trident!
The orc priest calls down the wrath of Beogh upon you.
Beogh smites you!
* * * LOW HITPOINT WARNING * * *
The orc hits you but does no damage.
You hit the orc priest.
You claw the orc priest, but do no damage.
The orc priest is severely wounded.
The orc priest hits you with a +0 dagger.
* * * LOW HITPOINT WARNING * * *
The orc barely misses you.
Unknown command.
It was a potion of haste.
You feel yourself speed up.
The orc priest begins to cast a cantrip, but forgets the words!
The orc barely misses you.
It was a potion of lignification.
You turn into a tree.
Your +0 ring mail melds into your body.
Your roots penetrate the ground.
The orc priest looks satisfied for a moment.
The orc hits you but does no damage.
You hit the orc priest.
The orc priest is almost dead.
The orc priest barely misses you.
You barely miss the orc priest.
The orc priest is almost dead.
The orc hits you from afar with a +0 trident.
* * * LOW HITPOINT WARNING * * *
Unknown command.
You hit the orc priest.
The orc priest is almost dead.
The orc priest mumbles some strange prayers to Beogh against you.
Beogh smites you!
You die...

#..........# .?
##..........# .....
###...<.......# .....
#.............#
.....####.##..........#
.....................|#
...............<...>..#
...(..................#
..........##♣.......#..
.....#.....o.....>....
..........o...#####.###
.....#.......## ..#
...........#.# .#
.........##..# # ..
.........## #
##......### .....#..


You could see an orc priest and an orc.

Vanquished Creatures
  A centaur zombie (D:3)
  A hound (D:2)
  Terence (D:2)
  2 adders (D:2)
  3 worms
  3 dart slugs
  7 orcs (D:2)
  4 bats
  2 endoplasms (D:1)
  2 giant cockroaches
  5 goblins
  3 hobgoblins
  3 jackals (D:1)
  3 quokkas
  5 ball pythons
  6 kobolds
  5 rats
56 creatures vanquished.

Notes
Turn   | Place    | Note
-------+----------+-------------------------------------------
     0 | D:1      | Manisian the Demonspawn Artificer began the quest for the
                  | Orb.
     0 | D:1      | Reached XP level 1. HP: 15/15 MP: 1/1
   355 | D:1      | Gained mutation: You have sharp toenails. [demonic
                  | ancestry]
   355 | D:1      | Reached XP level 2. HP: 9/21 MP: 2/2
   802 | D:1      | Found a faded altar of an unknown god.
  1113 | D:1      | Became a worshipper of Xom of Chaos
  1139 | D:2      | Noticed Terence
  1144 | D:2      | Killed Terence
  1145 | D:2      | Reached skill level 1 in Dodging
  1145 | D:2      | Gained mutation: Spells you cast may paralyse adjacent
                  | enemies. [demonic ancestry]
  1145 | D:2      | Reached XP level 3. HP: 26/26 MP: 3/3
  1180 | D:2      | XOM: divination: detect creatures
  1246 | D:2      | XOM: silly message
  1295 | D:2      | XOM: divination: detect creatures
  1330 | D:2      | XOM: scenery: summon butterflies
  1452 | D:2      | XOM: cloud trail
  1483 | D:2      | Reached skill level 1 in Stealth
  1561 | D:2      | Gained mutation: You have razor-sharp toenails. [demonic
                  | ancestry]
  1561 | D:2      | Reached XP level 4. HP: 30/32 MP: 4/4
  2044 | D:2      | XOM: 1-stop teleportation journey
  2260 | D:2      | Reached skill level 1 in Axes
  2260 | D:2      | Reached skill level 4 in Evocations
  2720 | D:3      | Gained mutation: You are partially covered in slimy green
                  | scales. (AC +2) [demonic ancestry]
  2720 | D:3      | Reached XP level 5. HP: 27/37 MP: 5/5
  2876 | D:2      | XOM: cloud trail
  3317 | D:3      | Gained mutation: Your spells are a little harder to cast,
                  | but a little more powerful. [potion of mutation]
  3317 | D:3      | Gained mutation: You have a pair of small antennae on your
                  | head. [potion of mutation]
  3325 | D:3      | Killed from afar by an orc priest

Illustrated notes

Levels and vault maps discovered:
D:1:      minmay_arrival_checkered_box, layout_rooms,
          shapermc_ecumenical_altar_starsandcircs
D:2:      minmay_chambers_of_ones, layout_basic, uniq_terence
D:3:      layout_rooms, gammafunk_ghost_abyssal_escape

Skill      XL: |  1  2  3  4  5 |
---------------+----------------+-----
Armour         | 2 3 |  3.1
Dodging        | 1 |  1.4
Stealth        | 1 |  1.1
Axes           | 1 |  1.9
Evocations     | 4 |  4.0
Fighting       | |  1.6
Short Blades   | |  0.8
Throwing       | |  0.1

Action                   |  1- 3 |  4- 6 || total
-------------------------+-------+-------++-------
Melee: Short sword       |    35 |       ||    35
       Club              |     3 |       ||     3
       Kick              |    12 |    35 ||    47
       Hand axe          |    32 |    92 ||   124
Throw: Dart              |       |     4 ||     4
Evoke: Wand              |    15 |       ||    15
  Use: Scroll            |     2 |     4 ||     6
       Potion            |       |     3 ||     3
 Stab: Sleeping          |     1 |       ||     1
Armor: Leather armour    |    20 |       ||    20
       Ring mail         |    11 |    59 ||    70
       Skin              |       |     1 ||     1
Dodge: Dodged            |    65 |    58 ||   123

Table legend: (Time is in decaauts)
 A = Elapsed time spent in this place.
 B = Non-inter-level travel time spent in this place.
 C = Inter-level travel time spent in this place.
 D = Time resting spent in this place.
 E = Time spent auto-exploring this place.
 F = Levels seen in this place.
 G = Mean time per level.
                   A        B        C        D        E       F      G
               +--------+--------+--------+--------+--------+-----+--------+
         Total |   3363 |   3329 |     34 |   1269 |   1280 |   3 | 1121.0 |
       Dungeon |   3363 |   3329 |     34 |   1269 |   1280 |   3 | 1121.0 |
               +--------+--------+--------+--------+--------+-----+--------+

Top non-repeatable levels by time:
     D:2: 2064 daAuts
     D:1: 1134 daAuts
     D:3: 164 daAuts
